 Dungeon Crawl Stone Soup version 0.29.1-2-gbd0b4ee654 (webtiles) character file.

Game seed: 15475786737509570524

6 JayTehDuck the Shooter (level 1, 0/10 HPs)
             Began as a Spriggan Hunter on Nov 4, 2022.
             Frozen to death by an endoplasm (5 damage)
             ... on level 1 of the Dungeon.
             The game lasted 00:00:39 (110 turns).

JayTehDuck the Shooter (Spriggan Hunter)             Turns: 110, Time: 00:00:39

Health: 0/10       AC:  2    Str:  7    XL:     1   Next: 75%
Magic:  2/2        EV: 17    Int: 10    God:
Gold:   0          SH:  0    Dex: 18    Spells: 0/0 levels left

rFire   . . .      SeeInvis +   a - +0 shortbow
rCold   . . .      Faith    .   (shield currently unavailable)
rNeg    . . .      Spirit   .   c - +0 robe
rPois   .          Reflect  .   (helmet restricted)
rElec   .          Harm     .   (no cloak)
rCorr   .          Rampage  .   (gloves unavailable)
Will    .....                   (boots unavailable)
Stlth   ++........              (no amulet)
HPRegen 0.03/turn               (no ring)
MPRegen 0.08/turn               (no ring)

@: very quick
A: very small, no large weapons, unfitting armour, see invisible, speed 3
a: no special abilities


You were on level 1 of the Dungeon.
You visited 1 branch of the dungeon, and saw 1 of its levels.

Inventory:

Hand Weapons
 a - a +0 shortbow (weapon)
Armour
 c - a +0 robe (worn)
Scrolls
 b - a scroll of immolation
 d - a scroll of magic mapping {unknown}


   Skills:
 + Level 1.6 Fighting
 + Level 4.3 Ranged Weapons
 + Level 2.7 Dodging
 + Level 1.5 Stealth


You couldn't memorise any spells.
You didn't know any spells.
Your spell library was empty.

Dungeon Overview and Level Annotations

Branches:
Dungeon (1/15)

Altars:


Innate Abilities, Weirdness & Mutations

You are very small and have problems with some larger weapons.
You are too small for most types of armour.
You have supernaturally acute eyesight. (SInv)
You cover ground extremely quickly. (Speed+++)


Message History

The bat completely misses you.
Really attack while wielding your +0 shortbow? [Y]es or [N]o only, please.
Really attack while wielding your +0 shortbow? [Y]es or [N]o only, please.
Really attack while wielding your +0 shortbow? [Y]es or [N]o only, please.
Really attack while wielding your +0 shortbow? [Y]es or [N]o only, please.
Really attack while wielding your +0 shortbow? [Y]es or [N]o only, please.
Really attack while wielding your +0 shortbow?
Okay, then.
The bat misses you. The goblin closely misses you.
The endoplasm quivers.
The goblin barely misses you.
A dart slug comes into view.
Found a scroll labelled ERCHEX CEUZAUZU and 2 bubbling coppery potions.
The bat closely misses you.
Found 4 gold pieces.
The bat closely misses you.
The hobgoblin hits you but does no damage.
The bat attacks as you move away! The bat closely misses you.
The bat attacks as you move away! The bat barely misses you.
The bat closely misses you. The dart slug misses you.
Really attack while wielding your +0 shortbow? [Y]es or [N]o only, please.
Really attack while wielding your +0 shortbow? [Y]es or [N]o only, please.
Really attack while wielding your +0 shortbow? [Y]es or [N]o only, please.
Really attack while wielding your +0 shortbow?
Okay, then.
The bat completely misses you. The bat attacks as you move away!
The bat misses you.
Found a golden potion.
The endoplasm freezes you.
You are frozen.
Ouch! That really hurt!
You die...

#### ~#### .... ...#
..... ##.###
..$..###########..=.##
................K.K..##
....?.w..ll.g.........##
....!..bJgg.B...........
.####..@g...h.........#.
#......(.......>....
#..................#
#.................##
..#..............##
##....$...##.....##
#.##...#.#####.## #.
.###!.


You could see a dart slug, an endoplasm, a jackal, a giant cockroach, 2
hobgoblins, 2 goblins, a bat and 2 frilled lizards.

Vanquished Creatures
  3 endoplasms (D:1)
  A jackal (D:1)
  A bat (D:1)
5 creatures vanquished.

Notes
Turn   | Place    | Note
-------+----------+-------------------------------------------
     0 | D:1      | JayTehDuck the Spriggan Hunter began the quest for the Orb.
     0 | D:1      | Reached XP level 1. HP: 10/10 MP: 2/2
    76 | D:1      | Found a faded altar of an unknown god.
   110 | D:1      | Frozen to death by an endoplasm

Illustrated notes

Levels and vault maps discovered:
D:1:      elethiomel_arrival_shortcut, layout_rooms,
          dreamdust_ecumenical_altar_grove, amcnicky_mini_rare_corridor_liquid

Action                   || total
-------------------------++-------
 Fire: Shortbow          ||    10
Armor: Robe              ||     3
Dodge: Dodged            ||    18
